Login

Washington Capitals vs New York Islanders

Created - April 24, 2024 at 22:56

Goals
1 2 3 T
Washington Capitals 1 1 3 5
New York Islanders 1 1 0 2
Shots
1 2 3 T
Washington Capitals 13 14 16 43
New York Islanders 8 6 4 18

GoalsPenalties
1st period
1. New York Islanders , Jared Spurgeon 1 (Esa Lindell 2, Travis Konecny 1) at 14:50 (PP)
2. Washington Capitals , Brayden Schenn 2 (Sam Bennett 2, Victor Hedman 1) at 16:45 (PP)
Tyler Motte (NYI) for Holding (Minor) at 3:58
Esa Lindell (NYI) for Tripping (Minor) at 7:09
Damon Severson (WSH) for Interference (Minor) at 14:17
Colin Miller (NYI) for Slashing (Minor) at 15:57
2nd period
3. New York Islanders , Ryan Hartman 1 (Travis Konecny 2, Roope Hintz 1) at 10:37
4. Washington Capitals , Ryan O'Reilly 1 (Ryan Graves 3, Clayton Keller 2) at 14:29
Ryan Suter (NYI) for Hooking (Minor) at 8:07
Radko Gudas (WSH) for Hooking (Minor) at 17:20
3rd period
5. Washington Capitals , Damon Severson 1 (Brayden Schenn 1, Clayton Keller 3) at 2:36 (PP)
6. Washington Capitals , Clayton Keller 2 (Victor Hedman 2, Brayden Schenn 2) at 7:56 (PP)
7. Washington Capitals , Ryan O'Reilly 2 (Victor Hedman 3, Sam Carrick 1) at 16:29 (PP)
Ryan Hartman (NYI) for Interference (Minor) at 1:18
Colin Miller (NYI) for Tripping (Minor) at 2:45
Travis Konecny (NYI) for Roughing (Minor) at 7:22
Boone Jenner (NYI) for Fighting (Major) at 10:05
Radko Gudas (WSH) for Fighting (Major) at 10:05
Travis Konecny (NYI) for Roughing (Minor) at 14:59
Goalie Stats
Carter Hart (WSH), 16 saves from 18 shots - (0.889), W, 2-0-0, 60:00 minutes
James Reimer (NYI), 38 saves from 43 shots - (0.884), L, 0-2-0, 60:00 minutes
3 StarsOfficial
1 - Clayton Keller (WSH)
2 - Ryan O'Reilly (WSH)
3 - Brayden Schenn (WSH)
Referees : Unknown
Linesman : Unknown
Game Note
Radko Gudas beats up Boone Jenner at 10:05 of 3rd period
Finance
Level 1 -- Attendance: 6000 (100.00%) -- Ticket Income $600,000
Level 2 -- Attendance: 4943 (98.86%) -- Ticket Income $296,580
Level 3 -- Attendance: 2000 (100.00%) -- Ticket Income $70,000
Level 4 -- Attendance: 4000 (100.00%) -- Ticket Income $80,000
Luxury Box -- Attendance: 987 (98.70%) -- Ticket Income $197,400
Game was played at the Nassau Coliseum.
Total Attendance: 17930 (99.61%)
Total Ticket Income: $1,243,980
Total Income: $1,243,980



Team Name Goals Shots Shots Attemp Shots Blocked PIM HIT PP PK FO%
Washington Capitals 5439359204 / 8 (50%)157%
New York Islanders 218361421241 / 2 (50%)443%

Washington Capitals
Player Name POS G A P +/- PIM HIT SHT SB MP PP MP PP SHT PK MP PK SHT FO% FOT
Alexandre CarrierD000-1020114:570:0000:0000% 0
Brayden SchennC/LW1230026023:486:0820:00073% 15
Brendan GallagherLW/RW0000021016:010:4100:000100% 1
Cal ClutterbuckRW000-1001015:290:0001:0600% 0
Calen AddisonD000000008:467:1000:0000% 0
Casey CizikasC/LW/RW000-1013015:290:0001:06057% 21
Clayton KellerLW/RW1231007023:166:4940:480100% 1
Cody CeciD0000000016:070:0001:3300% 0
Damon SeversonD1011214021:354:5640:4900% 0
Derek RyanC/LW000-1011115:010:0000:3800% 0
Julien GauthierRW000000205:175:1720:0000% 1
Luke GlendeningC0000001015:200:0000:00043% 21
Radko GudasD000-1730113:290:0000:1000% 0
Ryan GravesD0111021221:464:5610:5900% 0
Ryan O'ReillyC2021006020:025:1711:26055% 29
Sam BennettC/LW/RW0111032022:286:4910:00067% 3
Sam CarrickC/LW011001205:175:1720:0000% 0
Victor HedmanD0330026023:177:1021:3300% 0
New York Islanders
Player Name POS G A P +/- PIM HIT SHT SB MP PP MP PP SHT PK MP PK SHT FO% FOT
Blake LizotteC000000008:030:0003:47043% 7
Boone JennerC0000511021:291:0308:19051% 35
Brandon HagelLW0000003014:321:0300:0000% 3
Brandon SaadLW0000001112:180:0000:000100% 2
Colin MillerD0001442314:550:0001:0500% 0
Esa LindellD011-1210023:071:2906:1400% 0
Filip RoosD0001000014:170:0000:2500% 0
Jared SpurgeonD101-1021623:411:2916:2400% 0
Roope HintzC0110014018:031:2900:00038% 24
Ryan HartmanRW1010241016:471:2900:0000% 1
Ryan StromeC0000011012:180:0000:00050% 14
Ryan SuterD0000211221:541:0304:4700% 0
Scott MayfieldD0000010222:021:0305:1700% 0
Travis KonecnyLW/RW0220451017:321:2900:40025% 4
Trevor MooreLW0000001012:490:0008:3300% 1
Tyler MotteLW/RW0000210017:241:0302:5300% 1
Tyson JostC/LW/RW000001004:160:0000:0000% 0
Zack MacEwenRW0000011012:180:0000:0000% 0

Washington Capitals

5 vs 5 Forward
Line #Left WingCenterRight WingPHYDFOFWanted %Time %Time Play
1Derek RyanCasey CizikasCal Clutterbuck3203032%14:23
2Clayton KellerRyan O'ReillySam Bennett1133029%13:19
3Brayden SchennLuke GlendeningBrendan Gallagher1403034%15:20
4Clayton KellerBrayden SchennSam Bennett113105%2:20
5 vs 5 Defense
Line #DefenseDefensePHYDFOFWanted %Time %Time Play
1Ryan GravesDamon Severson1403635%15:51
2Victor HedmanCody Ceci1223632%14:34
3Alexandre CarrierRadko Gudas1402833%14:57
4Victor HedmanCalen Addison05000%0:00
Power Play Forward
Line #Left WingCenterRight WingPHYDFOFWanted %Time %Time Play
1Clayton KellerBrayden SchennSam Bennett1046756%6:49
2Sam CarrickRyan O'ReillyJulien Gauthier5003344%5:17
Power Play Defense
Line #DefenseDefensePHYDFOFWanted %Time %Time Play
1Victor HedmanCalen Addison0056759%7:10
2Damon SeversonRyan Graves0053341%4:56
Penalty Kill 4 Players Forward
Line #CenterWingPHYDFOFWanted %Time %Time Play
1Ryan O'ReillyDerek Ryan2305057%1:26
2Casey CizikasCal Clutterbuck2305043%1:06
Penalty Kill 4 Players Defense
Line #DefenseDefensePHYDFOFWanted %Time %Time Play
1Damon SeversonRyan Graves1405039%0:59
2Victor HedmanCody Ceci1405061%1:33
Penalty Kill 3 Players
Line #WingPHYDFOFWanted %Time %Time PlayDefenseDefensePHYDFOFWanted %Time %Time Play
1Ryan O'Reilly050600%0:00 Damon SeversonRyan Graves050500%0:00
2Luke Glendening050400%0:00 Victor HedmanCody Ceci050500%0:00
4 vs 4 Forward
Line #CenterWingPHYDFOFWanted %Time %Time Play
1Ryan O'ReillyClayton Keller023500%0:00
2Sam BennettBrayden Schenn023500%0:00
4 vs 4 Defense
Line #DefensePHYDFOFWanted %Time %Time Play
1Victor HedmanCody Ceci032670%0:00
2Ryan GravesDamon Severson050330%0:00
Last Minutes Offensive
Left WingCenterRight WingDefenseDefense
Clayton KellerRyan O'ReillySam BennettVictor HedmanBrayden Schenn
Last Minutes Defensive
Left WingCenterRight WingDefenseDefense
Casey CizikasRyan O'ReillyCal ClutterbuckDamon SeversonCody Ceci
Time
Total ForwardTotal DefenseLast Minutes OffensiveLast Minutes Defensive
60:00 60:00 0:000:00
Extra Forwards
Normal PowerPlayPenalty Kill
Sam Carrick, Julien Gauthier, Clayton KellerBrendan Gallagher, Casey CizikasClayton Keller
Extra Defensemen
Normal PowerPlayPenalty Kill
Calen Addison, Victor Hedman, Radko GudasCody Ceci, Radko GudasAlexandre Carrier
Penalty Shots
Clayton Keller, Ryan O'Reilly, Brayden Schenn, Sam Bennett, Victor Hedman
Goalie
Carter Hart, Pheonix Copley
Scratches
Philip Tomasino (Healthy), WSH Cap Hit (Suspend)

New York Islanders

5 vs 5 Forward
Line #Left WingCenterRight WingPHYDFOFWanted %Time %Time Play
1Travis KonecnyRoope HintzRyan Hartman1133534%15:19
2Brandon HagelBoone JennerTyler Motte0233030%13:29
3Brandon SaadRyan StromeZack MacEwen1222527%12:18
4Trevor MooreBlake LizotteTyson Jost122109%4:16
5 vs 5 Defense
Line #DefenseDefensePHYDFOFWanted %Time %Time Play
1Jared SpurgeonEsa Lindell1313533%14:45
2Ryan SuterScott Mayfield1313035%16:05
3Colin MillerFilip Roos1402531%13:52
4Jared SpurgeonEsa Lindell131101%0:40
Power Play Forward
Line #Left WingCenterRight WingPHYDFOFWanted %Time %Time Play
1Travis KonecnyRoope HintzRyan Hartman0056059%1:29
2Brandon HagelBoone JennerTyler Motte1044041%1:03
Power Play Defense
Line #DefenseDefensePHYDFOFWanted %Time %Time Play
1Jared SpurgeonEsa Lindell0146059%1:29
2Ryan SuterScott Mayfield1134041%1:03
Penalty Kill 4 Players Forward
Line #CenterWingPHYDFOFWanted %Time %Time Play
1Boone JennerTrevor Moore0506077%9:17
2Blake LizotteTyler Motte0504023%2:49
Penalty Kill 4 Players Defense
Line #DefenseDefensePHYDFOFWanted %Time %Time Play
1Jared SpurgeonEsa Lindell1406055%6:42
2Ryan SuterScott Mayfield1404045%5:24
Penalty Kill 3 Players
Line #WingPHYDFOFWanted %Time %Time PlayDefenseDefensePHYDFOFWanted %Time %Time Play
1Tyson Jost050500%0:00 Jared SpurgeonEsa Lindell140500%0:00
2Tyler Motte050500%0:00 Ryan SuterScott Mayfield140500%0:00
4 vs 4 Forward
Line #CenterWingPHYDFOFWanted %Time %Time Play
1Roope HintzTravis Konecny122600%0:00
2Boone JennerBrandon Hagel122400%0:00
4 vs 4 Defense
Line #DefensePHYDFOFWanted %Time %Time Play
1Jared SpurgeonEsa Lindell122600%0:00
2Ryan SuterScott Mayfield122400%0:00
Last Minutes Offensive
Left WingCenterRight WingDefenseDefense
Travis KonecnyRoope HintzRyan HartmanJared SpurgeonEsa Lindell
Last Minutes Defensive
Left WingCenterRight WingDefenseDefense
Travis KonecnyRoope HintzRyan HartmanJared SpurgeonEsa Lindell
Time
Total ForwardTotal DefenseLast Minutes OffensiveLast Minutes Defensive
60:00 60:00 0:000:00
Extra Forwards
Normal PowerPlayPenalty Kill
Roope Hintz, Travis Konecny, Brandon HagelBrandon Hagel, Roope HintzBoone Jenner
Extra Defensemen
Normal PowerPlayPenalty Kill
Jared Spurgeon, Esa Lindell, Ryan SuterColin Miller, Ryan SuterEsa Lindell
Penalty Shots
Roope Hintz, Trevor Moore, Boone Jenner, Ryan Strome, Travis Konecny
Goalie
James Reimer, Adin Hill
Scratches
NYI Cap Hit (Suspend)


Play-by-Play

1st period


0:01 of 1st period - Casey Cizikas wins face-off versus Roope Hintz in neutral zone.
0:35 of 1st period - Off-side.
0:36 of 1st period - Ryan O'Reilly wins face-off versus Brandon Hagel in neutral zone.
0:39 of 1st period - Boone Jenner is hit by Sam Bennett and loses puck.
0:45 of 1st period - Icing by Boone Jenner.
0:46 of 1st period - Boone Jenner wins face-off versus Brayden Schenn in New York Islanders zone.
0:59 of 1st period - Shot by Brendan Gallagher.
0:59 of 1st period - Deflect By Brayden Schenn.
0:59 of 1st period - Stopped by James Reimer without a rebound.
1:00 of 1st period - Brandon Saad wins face-off versus Ryan O'Reilly in New York Islanders zone.
1:08 of 1st period - Shot by Victor Hedman.
1:08 of 1st period - Stopped by James Reimer without a rebound.
1:09 of 1st period - Blake Lizotte wins face-off versus Luke Glendening in New York Islanders zone.
1:16 of 1st period - Shot by Victor Hedman.
1:16 of 1st period - Stopped by James Reimer with a rebound.
1:30 of 1st period - Shot by Trevor Moore.
1:30 of 1st period - Stopped by Carter Hart without a rebound.
1:31 of 1st period - Ryan O'Reilly wins face-off versus Ryan Strome in Washington Capitals zone.
1:31 of 1st period - Sam Bennett is hit by Ryan Strome and loses puck.
1:48 of 1st period - Shot by Brandon Saad.
1:48 of 1st period - Shot Blocked by Radko Gudas.
1:50 of 1st period - Shot by Brandon Saad.
1:50 of 1st period - Deflect By Ryan Strome.
1:50 of 1st period - Stopped by Carter Hart without a rebound.
1:51 of 1st period - Casey Cizikas wins face-off versus Boone Jenner in Washington Capitals zone.
2:07 of 1st period - Shot by Derek Ryan.
2:07 of 1st period - Stopped by James Reimer without a rebound.
2:08 of 1st period - Brayden Schenn wins face-off versus Roope Hintz in New York Islanders zone.
2:18 of 1st period - Clayton Keller is hit by Esa Lindell and loses puck.
2:34 of 1st period - Jared Spurgeon is hit by Victor Hedman and loses puck.
3:58 of 1st period - Minor Penalty to Tyler Motte for Holding.
3:59 of 1st period - Boone Jenner wins face-off versus Ryan O'Reilly in New York Islanders zone.
5:34 of 1st period - Shot by Ryan O'Reilly.
5:34 of 1st period - Shot Misses the Net.
5:36 of 1st period - Shot by Sam Carrick.
5:36 of 1st period - Stopped by James Reimer without a rebound.
5:37 of 1st period - Brendan Gallagher wins face-off versus Boone Jenner in New York Islanders zone.
6:16 of 1st period - Icing by Colin Miller.
6:17 of 1st period - Brandon Saad wins face-off versus Luke Glendening in New York Islanders zone.
6:36 of 1st period - Shot by Filip Roos.
6:36 of 1st period - Shot Misses the Net.
7:09 of 1st period - Minor Penalty to Esa Lindell for Tripping.
7:10 of 1st period - Boone Jenner wins face-off versus Ryan O'Reilly in New York Islanders zone.
7:10 of 1st period - Boone Jenner is hit by Sam Carrick.
7:30 of 1st period - Shot by Damon Severson.
7:30 of 1st period - Stopped by James Reimer without a rebound.
7:31 of 1st period - Blake Lizotte wins face-off versus Brayden Schenn in New York Islanders zone.
8:18 of 1st period - Shot by Ryan Graves.
8:18 of 1st period - Shot Misses the Net.
8:20 of 1st period - Shot by Damon Severson.
8:20 of 1st period - Stopped by James Reimer with a rebound.
8:22 of 1st period - Shot by Ryan Graves.
8:22 of 1st period - Shot Blocked by Colin Miller.
8:38 of 1st period - Shot by Ryan O'Reilly.
8:38 of 1st period - Shot Blocked by Colin Miller.
8:40 of 1st period - Shot by Ryan O'Reilly.
8:40 of 1st period - Shot Misses the Net.
9:08 of 1st period - Shot by Sam Bennett.
9:08 of 1st period - Stopped by James Reimer with a rebound.
9:24 of 1st period - Shot by Casey Cizikas.
9:24 of 1st period - Stopped by James Reimer without a rebound.
9:25 of 1st period - Luke Glendening wins face-off versus Ryan Strome in New York Islanders zone.
9:30 of 1st period - Shot by Brayden Schenn.
9:30 of 1st period - Shot Blocked by Brandon Saad.
9:44 of 1st period - Icing by Ryan Suter.
9:45 of 1st period - Casey Cizikas wins face-off versus Ryan Strome in New York Islanders zone.
10:58 of 1st period - Ryan Hartman is hit by Victor Hedman and loses puck.
11:31 of 1st period - Icing by Radko Gudas.
11:32 of 1st period - Luke Glendening wins face-off versus Brandon Hagel in Washington Capitals zone.
12:26 of 1st period - Icing by Brayden Schenn.
12:27 of 1st period - Luke Glendening wins face-off versus Blake Lizotte in Washington Capitals zone.
12:58 of 1st period - Tyson Jost is hit by Damon Severson and loses puck.
13:23 of 1st period - Shot by Roope Hintz.
13:23 of 1st period - Stopped by Carter Hart without a rebound.
13:24 of 1st period - Boone Jenner wins face-off versus Casey Cizikas in Washington Capitals zone.
13:28 of 1st period - Icing by Victor Hedman.
13:29 of 1st period - Casey Cizikas wins face-off versus Brandon Hagel in Washington Capitals zone.
13:38 of 1st period - Shot by Casey Cizikas.
13:38 of 1st period - Stopped by James Reimer without a rebound.
13:39 of 1st period - Ryan O'Reilly wins face-off versus Travis Konecny in New York Islanders zone.
13:46 of 1st period - Shot by Sam Bennett.
13:46 of 1st period - Shot Misses the Net.
13:48 of 1st period - Shot by Damon Severson.
13:48 of 1st period - Shot Blocked by Jared Spurgeon.
13:50 of 1st period - Shot by Ryan O'Reilly.
13:50 of 1st period - Stopped by James Reimer without a rebound.
13:51 of 1st period - Boone Jenner wins face-off versus Casey Cizikas in New York Islanders zone.
13:55 of 1st period - Icing by Scott Mayfield.
13:56 of 1st period - Boone Jenner wins face-off versus Ryan O'Reilly in New York Islanders zone.
14:15 of 1st period - Tyler Motte is hit by Ryan Graves and loses puck.
14:17 of 1st period - Minor Penalty to Damon Severson for Interference.
14:18 of 1st period - Casey Cizikas wins face-off versus Roope Hintz in Washington Capitals zone.
14:18 of 1st period - Casey Cizikas is hit by Ryan Hartman.
14:50 of 1st period - Shot by Jared Spurgeon.
14:50 of 1st period - Goal by Jared Spurgeon - Washington Capitals : 0 - New York Islanders : 1.
14:51 of 1st period - Luke Glendening wins face-off versus Boone Jenner in neutral zone.
14:56 of 1st period - Shot by Ryan Graves.
14:56 of 1st period - Shot Misses the Net.
15:02 of 1st period - Shot by Boone Jenner.
15:02 of 1st period - Stopped by Carter Hart without a rebound.
15:03 of 1st period - Ryan O'Reilly wins face-off versus Blake Lizotte in Washington Capitals zone.
15:07 of 1st period - Clayton Keller is hit by Tyson Jost.
15:20 of 1st period - Ryan O'Reilly is hit by Colin Miller and loses puck.
15:33 of 1st period - Shot by Clayton Keller.
15:33 of 1st period - Shot Blocked by Colin Miller.
15:56 of 1st period - Damon Severson is hit by Colin Miller and loses puck.
15:57 of 1st period - Minor Penalty to Colin Miller for Slashing.
15:58 of 1st period - Boone Jenner wins face-off versus Ryan O'Reilly in New York Islanders zone.
16:17 of 1st period - Shot by Ryan O'Reilly.
16:17 of 1st period - Deflect By Julien Gauthier.
16:17 of 1st period - Stopped by James Reimer without a rebound.
16:18 of 1st period - Boone Jenner wins face-off versus Brayden Schenn in New York Islanders zone.
16:39 of 1st period - Shot by Clayton Keller.
16:39 of 1st period - Deflect By Brayden Schenn.
16:39 of 1st period - Shot Blocked by Jared Spurgeon.
16:43 of 1st period - Shot by Sam Bennett.
16:43 of 1st period - Shot Misses the Net.
16:45 of 1st period - Shot by Brayden Schenn.
16:45 of 1st period - Goal by Brayden Schenn - Washington Capitals : 1 - New York Islanders : 1.
16:46 of 1st period - Roope Hintz wins face-off versus Casey Cizikas in neutral zone.
17:15 of 1st period - Shot by Roope Hintz.
17:15 of 1st period - Shot Blocked by Ryan Graves.
17:17 of 1st period - Shot by Ryan Suter.
17:17 of 1st period - Deflect By Travis Konecny.
17:17 of 1st period - Shot Misses the Net.
17:19 of 1st period - Shot by Ryan Suter.
17:19 of 1st period - Stopped by Carter Hart without a rebound.
17:20 of 1st period - Ryan Strome wins face-off versus Luke Glendening in Washington Capitals zone.
17:30 of 1st period - Radko Gudas is hit by Jared Spurgeon and loses puck.
18:06 of 1st period - Icing by Jared Spurgeon.
18:07 of 1st period - Ryan O'Reilly wins face-off versus Ryan Strome in New York Islanders zone.
18:41 of 1st period - Shot by Brandon Hagel.
18:41 of 1st period - Stopped by Carter Hart without a rebound.
18:42 of 1st period - Casey Cizikas wins face-off versus Roope Hintz in Washington Capitals zone.
18:49 of 1st period - Shot by Casey Cizikas.
18:49 of 1st period - Deflect By Cal Clutterbuck.
18:49 of 1st period - Shot Misses the Net.
19:11 of 1st period - Shot by Travis Konecny.
19:11 of 1st period - Shot Blocked by Derek Ryan.
19:39 of 1st period - Shot by Brandon Hagel.
19:39 of 1st period - Stopped by Carter Hart with a rebound.
Goals for this period are 1 for Washington Capitals vs 1 for New York Islanders.
Shots for this period are 13 for Washington Capitals vs 8 for New York Islanders.

2nd period


0:01 of 2nd period - Boone Jenner wins face-off versus Ryan O'Reilly in neutral zone.
0:01 of 2nd period - Brandon Hagel is hit by Sam Bennett and loses puck.
0:15 of 2nd period - Ryan O'Reilly is hit by Jared Spurgeon and loses puck.
0:38 of 2nd period - Shot by Clayton Keller.
0:38 of 2nd period - Stopped by James Reimer without a rebound.
0:39 of 2nd period - Luke Glendening wins face-off versus Roope Hintz in New York Islanders zone.
0:44 of 2nd period - Shot by Brayden Schenn.
0:44 of 2nd period - Stopped by James Reimer without a rebound.
0:45 of 2nd period - Luke Glendening wins face-off versus Roope Hintz in New York Islanders zone.
0:50 of 2nd period - Shot by Brayden Schenn.
0:50 of 2nd period - Stopped by James Reimer without a rebound.
0:51 of 2nd period - Roope Hintz wins face-off versus Luke Glendening in New York Islanders zone.
0:56 of 2nd period - Shot by Brayden Schenn.
0:56 of 2nd period - Stopped by James Reimer without a rebound.
0:57 of 2nd period - Luke Glendening wins face-off versus Roope Hintz in New York Islanders zone.
1:51 of 2nd period - Icing by Clayton Keller.
1:52 of 2nd period - Ryan O'Reilly wins face-off versus Boone Jenner in Washington Capitals zone.
1:52 of 2nd period - Ryan O'Reilly is hit by Tyler Motte.
2:16 of 2nd period - Shot by Ryan O'Reilly.
2:16 of 2nd period - Shot Misses the Net.
2:18 of 2nd period - Shot by Sam Bennett.
2:18 of 2nd period - Deflect By Clayton Keller.
2:18 of 2nd period - Shot Misses the Net.
2:28 of 2nd period - Shot by Sam Bennett.
2:28 of 2nd period - Shot Misses the Net.
2:30 of 2nd period - Shot by Cody Ceci.
2:30 of 2nd period - Shot Misses the Net.
2:32 of 2nd period - Shot by Victor Hedman.
2:32 of 2nd period - Stopped by James Reimer without a rebound.
2:33 of 2nd period - Ryan Strome wins face-off versus Casey Cizikas in New York Islanders zone.
2:38 of 2nd period - Filip Roos is hit by Casey Cizikas and loses puck.
2:52 of 2nd period - Shot by Zack MacEwen.
2:52 of 2nd period - Shot Misses the Net.
2:54 of 2nd period - Shot by Colin Miller.
2:54 of 2nd period - Stopped by Carter Hart without a rebound.
2:55 of 2nd period - Luke Glendening wins face-off versus Roope Hintz in Washington Capitals zone.
2:55 of 2nd period - Luke Glendening is hit by Ryan Hartman.
3:12 of 2nd period - Shot by Brendan Gallagher.
3:12 of 2nd period - Stopped by James Reimer without a rebound.
3:13 of 2nd period - Sam Bennett wins face-off versus Ryan Strome in New York Islanders zone.
3:24 of 2nd period - Shot by Zack MacEwen.
3:24 of 2nd period - Stopped by Carter Hart without a rebound.
3:25 of 2nd period - Boone Jenner wins face-off versus Luke Glendening in Washington Capitals zone.
3:28 of 2nd period - Shot by Brandon Hagel.
3:28 of 2nd period - Shot Misses the Net.
3:30 of 2nd period - Shot by Esa Lindell.
3:30 of 2nd period - Shot Blocked by Ryan Graves.
3:49 of 2nd period - Off-side.
3:50 of 2nd period - Roope Hintz wins face-off versus Ryan O'Reilly in neutral zone.
4:04 of 2nd period - Roope Hintz is hit by Radko Gudas.
4:10 of 2nd period - Shot by Ryan O'Reilly.
4:10 of 2nd period - Deflect By Sam Bennett.
4:10 of 2nd period - Stopped by James Reimer without a rebound.
4:11 of 2nd period - Ryan Strome wins face-off versus Casey Cizikas in New York Islanders zone.
4:35 of 2nd period - Off-side.
4:36 of 2nd period - Brayden Schenn wins face-off versus Ryan Hartman in neutral zone.
4:41 of 2nd period - Scott Mayfield is hit by Sam Bennett.
4:46 of 2nd period - Off-side.
4:47 of 2nd period - Boone Jenner wins face-off versus Luke Glendening in neutral zone.
5:26 of 2nd period - Shot by Boone Jenner.
5:26 of 2nd period - Shot Misses the Net.
6:16 of 2nd period - Shot by Travis Konecny.
6:16 of 2nd period - Shot Misses the Net.
6:18 of 2nd period - Shot by Roope Hintz.
6:18 of 2nd period - Stopped by Carter Hart without a rebound.
6:19 of 2nd period - Casey Cizikas wins face-off versus Ryan Strome in Washington Capitals zone.
6:19 of 2nd period - Casey Cizikas is hit by Zack MacEwen.
6:33 of 2nd period - Shot by Brandon Saad.
6:33 of 2nd period - Stopped by Carter Hart with a rebound.
7:32 of 2nd period - Off-side.
7:33 of 2nd period - Roope Hintz wins face-off versus Ryan O'Reilly in neutral zone.
7:50 of 2nd period - Icing by Damon Severson.
7:51 of 2nd period - Boone Jenner wins face-off versus Ryan O'Reilly in Washington Capitals zone.
8:07 of 2nd period - Minor Penalty to Ryan Suter for Hooking.
8:08 of 2nd period - Ryan O'Reilly wins face-off versus Boone Jenner in New York Islanders zone.
8:13 of 2nd period - Shot by Victor Hedman.
8:13 of 2nd period - Shot Misses the Net.
8:15 of 2nd period - Shot by Sam Carrick.
8:15 of 2nd period - Shot Hit the Post.
8:17 of 2nd period - Shot by Sam Carrick.
8:17 of 2nd period - Stopped by James Reimer without a rebound.
8:18 of 2nd period - Brayden Schenn wins face-off versus Boone Jenner in New York Islanders zone.
8:36 of 2nd period - Icing by Sam Bennett.
8:37 of 2nd period - Boone Jenner wins face-off versus Brayden Schenn in Washington Capitals zone.
10:15 of 2nd period - Filip Roos is hit by Derek Ryan and loses puck.
10:20 of 2nd period - Radko Gudas is hit by Travis Konecny and loses puck.
10:35 of 2nd period - Shot by Travis Konecny.
10:35 of 2nd period - Shot Blocked by Alexandre Carrier.
10:37 of 2nd period - Shot by Ryan Hartman.
10:37 of 2nd period - Goal by Ryan Hartman - Washington Capitals : 1 - New York Islanders : 2.
10:38 of 2nd period - Ryan Strome wins face-off versus Luke Glendening in neutral zone.
11:00 of 2nd period - Shot by Luke Glendening.
11:00 of 2nd period - Stopped by James Reimer without a rebound.
11:01 of 2nd period - Sam Bennett wins face-off versus Roope Hintz in New York Islanders zone.
11:25 of 2nd period - Travis Konecny is hit by Ryan Graves and loses puck.
12:15 of 2nd period - Shot by Derek Ryan.
12:15 of 2nd period - Shot Misses the Net.
12:17 of 2nd period - Shot by Cody Ceci.
12:17 of 2nd period - Shot Misses the Net.
13:49 of 2nd period - Icing by Ryan Graves.
13:50 of 2nd period - Ryan O'Reilly wins face-off versus Blake Lizotte in Washington Capitals zone.
13:56 of 2nd period - Icing by Ryan Graves.
13:57 of 2nd period - Ryan O'Reilly wins face-off versus Roope Hintz in Washington Capitals zone.
13:57 of 2nd period - Clayton Keller is hit by Ryan Hartman and loses puck.
14:05 of 2nd period - Icing by Clayton Keller.
14:06 of 2nd period - Roope Hintz wins face-off versus Ryan O'Reilly in Washington Capitals zone.
14:19 of 2nd period - Shot by Sam Bennett.
14:19 of 2nd period - Shot Misses the Net.
14:21 of 2nd period - Shot by Ryan O'Reilly.
14:21 of 2nd period - Shot Blocked by Jared Spurgeon.
14:23 of 2nd period - Shot by Ryan O'Reilly.
14:23 of 2nd period - Stopped by James Reimer with a rebound.
14:25 of 2nd period - Shot by Clayton Keller.
14:25 of 2nd period - Stopped by James Reimer with a rebound.
14:27 of 2nd period - Shot by Ryan Graves.
14:27 of 2nd period - Shot Misses the Net.
14:29 of 2nd period - Shot by Ryan O'Reilly.
14:29 of 2nd period - Goal by Ryan O'Reilly - Washington Capitals : 2 - New York Islanders : 2.
14:30 of 2nd period - Casey Cizikas wins face-off versus Boone Jenner in neutral zone.
14:40 of 2nd period - Derek Ryan is hit by Ryan Suter and loses puck.
14:47 of 2nd period - Shot by Casey Cizikas.
14:47 of 2nd period - Shot Blocked by Ryan Suter.
14:49 of 2nd period - Shot by Cody Ceci.
14:49 of 2nd period - Shot Misses the Net.
14:51 of 2nd period - Shot by Cody Ceci.
14:51 of 2nd period - Deflect By Casey Cizikas.
14:51 of 2nd period - Shot Misses the Net.
15:00 of 2nd period - Victor Hedman is hit by Scott Mayfield and loses puck.
15:05 of 2nd period - Shot by Casey Cizikas.
15:05 of 2nd period - Stopped by James Reimer without a rebound.
15:06 of 2nd period - Travis Konecny wins face-off versus Sam Bennett in New York Islanders zone.
15:06 of 2nd period - Travis Konecny is hit by Brayden Schenn.
15:11 of 2nd period - Off-side.
15:12 of 2nd period - Brayden Schenn wins face-off versus Roope Hintz in neutral zone.
16:20 of 2nd period - Shot by Brandon Hagel.
16:20 of 2nd period - Stopped by Carter Hart without a rebound.
16:21 of 2nd period - Ryan Strome wins face-off versus Casey Cizikas in Washington Capitals zone.
16:35 of 2nd period - Shot by Cody Ceci.
16:35 of 2nd period - Shot Misses the Net.
16:37 of 2nd period - Shot by Cal Clutterbuck.
16:37 of 2nd period - Stopped by James Reimer without a rebound.
16:38 of 2nd period - Casey Cizikas wins face-off versus Boone Jenner in New York Islanders zone.
16:53 of 2nd period - Shot by Casey Cizikas.
16:53 of 2nd period - Deflect By Derek Ryan.
16:53 of 2nd period - Shot Misses the Net.
17:08 of 2nd period - Tyler Motte is hit by Radko Gudas and loses puck.
17:16 of 2nd period - Brandon Hagel is hit by Radko Gudas and loses puck.
17:20 of 2nd period - Minor Penalty to Radko Gudas for Hooking.
17:21 of 2nd period - Ryan O'Reilly wins face-off versus Roope Hintz in Washington Capitals zone.
17:21 of 2nd period - Ryan O'Reilly is hit by Ryan Hartman.
18:25 of 2nd period - Icing by Scott Mayfield.
18:26 of 2nd period - Boone Jenner wins face-off versus Ryan O'Reilly in New York Islanders zone.
19:07 of 2nd period - Icing by Scott Mayfield.
19:08 of 2nd period - Casey Cizikas wins face-off versus Boone Jenner in New York Islanders zone.
19:24 of 2nd period - Brayden Schenn is hit by Colin Miller and loses puck.
19:47 of 2nd period - Shot by Brayden Schenn.
19:47 of 2nd period - Shot Misses the Net.
Goals for this period are 1 for Washington Capitals vs 1 for New York Islanders.
Shots for this period are 14 for Washington Capitals vs 6 for New York Islanders.

3rd period


0:01 of 3rd period - Ryan O'Reilly wins face-off versus Travis Konecny in neutral zone.
0:14 of 3rd period - Shot by Clayton Keller.
0:14 of 3rd period - Stopped by James Reimer without a rebound.
0:15 of 3rd period - Boone Jenner wins face-off versus Luke Glendening in New York Islanders zone.
0:15 of 3rd period - Ryan Suter is hit by Brendan Gallagher and loses puck.
0:41 of 3rd period - Shot by Brendan Gallagher.
0:41 of 3rd period - Shot Misses the Net.
1:10 of 3rd period - Off-side.
1:11 of 3rd period - Roope Hintz wins face-off versus Ryan O'Reilly in neutral zone.
1:14 of 3rd period - Clayton Keller is hit by Travis Konecny and loses puck.
1:18 of 3rd period - Minor Penalty to Ryan Hartman for Interference.
1:19 of 3rd period - Boone Jenner wins face-off versus Ryan O'Reilly in New York Islanders zone.
1:25 of 3rd period - Icing by Calen Addison.
1:26 of 3rd period - Ryan O'Reilly wins face-off versus Boone Jenner in Washington Capitals zone.
2:02 of 3rd period - Shot by Julien Gauthier.
2:02 of 3rd period - Shot Blocked by Ryan Suter.
2:36 of 3rd period - Shot by Damon Severson.
2:36 of 3rd period - Goal by Damon Severson - Washington Capitals : 3 - New York Islanders : 2.
2:37 of 3rd period - Casey Cizikas wins face-off versus Roope Hintz in neutral zone.
2:37 of 3rd period - Derek Ryan is hit by Travis Konecny and loses puck.
2:45 of 3rd period - Minor Penalty to Colin Miller for Tripping.
2:46 of 3rd period - Brayden Schenn wins face-off versus Boone Jenner in New York Islanders zone.
2:47 of 3rd period - Shot by Victor Hedman.
2:47 of 3rd period - Shot Blocked by Scott Mayfield.
2:59 of 3rd period - Shot by Clayton Keller.
2:59 of 3rd period - Stopped by James Reimer with a rebound.
3:01 of 3rd period - Shot by Victor Hedman.
3:01 of 3rd period - Shot Misses the Net.
3:17 of 3rd period - Shot by Victor Hedman.
3:17 of 3rd period - Stopped by James Reimer without a rebound.
3:18 of 3rd period - Boone Jenner wins face-off versus Julien Gauthier in New York Islanders zone.
3:44 of 3rd period - Shot by Ryan Graves.
3:44 of 3rd period - Shot Blocked by Scott Mayfield.
3:46 of 3rd period - Shot by Julien Gauthier.
3:46 of 3rd period - Stopped by James Reimer without a rebound.
3:47 of 3rd period - Brayden Schenn wins face-off versus Boone Jenner in New York Islanders zone.
4:07 of 3rd period - Icing by Calen Addison.
4:08 of 3rd period - Brayden Schenn wins face-off versus Boone Jenner in Washington Capitals zone.
4:22 of 3rd period - Shot by Clayton Keller.
4:22 of 3rd period - Shot Blocked by Jared Spurgeon.
4:26 of 3rd period - Shot by Brayden Schenn.
4:26 of 3rd period - Stopped by James Reimer with a rebound.
4:28 of 3rd period - Shot by Victor Hedman.
4:28 of 3rd period - Shot Misses the Net.
4:30 of 3rd period - Shot by Clayton Keller.
4:30 of 3rd period - Shot Blocked by Jared Spurgeon.
6:25 of 3rd period - Shot by Ryan O'Reilly.
6:25 of 3rd period - Stopped by James Reimer with a rebound.
6:27 of 3rd period - Shot by Cody Ceci.
6:27 of 3rd period - Shot Misses the Net.
6:31 of 3rd period - Shot by Victor Hedman.
6:31 of 3rd period - Stopped by James Reimer without a rebound.
6:32 of 3rd period - Boone Jenner wins face-off versus Casey Cizikas in New York Islanders zone.
6:45 of 3rd period - Shot by Brandon Hagel.
6:45 of 3rd period - Shot Misses the Net.
6:55 of 3rd period - Shot by Radko Gudas.
6:55 of 3rd period - Shot Misses the Net.
7:20 of 3rd period - Icing by Alexandre Carrier.
7:21 of 3rd period - Casey Cizikas wins face-off versus Roope Hintz in Washington Capitals zone.
7:21 of 3rd period - Casey Cizikas is hit by Travis Konecny.
7:22 of 3rd period - Minor Penalty to Travis Konecny for Roughing.
7:23 of 3rd period - Brayden Schenn wins face-off versus Boone Jenner in New York Islanders zone.
7:41 of 3rd period - Icing by Calen Addison.
7:42 of 3rd period - Brayden Schenn wins face-off versus Boone Jenner in Washington Capitals zone.
7:52 of 3rd period - Shot by Victor Hedman.
7:52 of 3rd period - Shot Misses the Net.
7:54 of 3rd period - Shot by Clayton Keller.
7:54 of 3rd period - Stopped by James Reimer with a rebound.
7:56 of 3rd period - Shot by Clayton Keller.
7:56 of 3rd period - Goal by Clayton Keller - Washington Capitals : 4 - New York Islanders : 2.
7:57 of 3rd period - Roope Hintz wins face-off versus Luke Glendening in neutral zone.
8:29 of 3rd period - Jared Spurgeon is hit by Brayden Schenn and loses puck.
8:56 of 3rd period - Icing by Cody Ceci.
8:57 of 3rd period - Clayton Keller wins face-off versus Ryan Strome in Washington Capitals zone.
9:34 of 3rd period - Shot by Ryan O'Reilly.
9:34 of 3rd period - Shot Misses the Net.
9:36 of 3rd period - Shot by Clayton Keller.
9:36 of 3rd period - Shot Misses the Net.
10:05 of 3rd period - Radko Gudas beats up Boone Jenner.
10:05 of 3rd period - Penalty to Boone Jenner for Fighting.
10:05 of 3rd period - Penalty to Radko Gudas for Fighting.
10:06 of 3rd period - Blake Lizotte wins face-off versus Luke Glendening in neutral zone.
10:41 of 3rd period - Shot by Brendan Gallagher.
10:41 of 3rd period - Shot Misses the Net.
11:10 of 3rd period - Ryan Hartman is hit by Alexandre Carrier and loses puck.
11:15 of 3rd period - Shot by Roope Hintz.
11:15 of 3rd period - Stopped by Carter Hart without a rebound.
11:16 of 3rd period - Ryan O'Reilly wins face-off versus Tyler Motte in Washington Capitals zone.
11:16 of 3rd period - Ryan O'Reilly is hit by Roope Hintz.
12:22 of 3rd period - Shot by Damon Severson.
12:22 of 3rd period - Shot Misses the Net.
12:49 of 3rd period - Icing by Colin Miller.
12:50 of 3rd period - Ryan Strome wins face-off versus Luke Glendening in New York Islanders zone.
12:50 of 3rd period - Colin Miller is hit by Brendan Gallagher and loses puck.
13:26 of 3rd period - Shot by Brayden Schenn.
13:26 of 3rd period - Shot Blocked by Jared Spurgeon.
13:39 of 3rd period - Trevor Moore is hit by Alexandre Carrier and loses puck.
14:25 of 3rd period - Shot by Roope Hintz.
14:25 of 3rd period - Stopped by Carter Hart without a rebound.
14:26 of 3rd period - Roope Hintz wins face-off versus Casey Cizikas in Washington Capitals zone.
14:53 of 3rd period - Shot by Travis Konecny.
14:53 of 3rd period - Stopped by Carter Hart without a rebound.
14:54 of 3rd period - Ryan O'Reilly wins face-off versus Travis Konecny in Washington Capitals zone.
14:54 of 3rd period - Ryan O'Reilly is hit by Travis Konecny.
14:59 of 3rd period - Minor Penalty to Travis Konecny for Roughing.
15:00 of 3rd period - Brayden Schenn wins face-off versus Blake Lizotte in New York Islanders zone.
15:27 of 3rd period - Shot by Calen Addison.
15:27 of 3rd period - Shot Hit the Post.
15:53 of 3rd period - Shot by Sam Carrick.
15:53 of 3rd period - Shot Misses the Net.
16:05 of 3rd period - Shot by Ryan Graves.
16:05 of 3rd period - Stopped by James Reimer with a rebound.
16:07 of 3rd period - Shot by Julien Gauthier.
16:07 of 3rd period - Shot Misses the Net.
16:09 of 3rd period - Shot by Damon Severson.
16:09 of 3rd period - Stopped by James Reimer without a rebound.
16:10 of 3rd period - Brayden Schenn wins face-off versus Trevor Moore in New York Islanders zone.
16:23 of 3rd period - Shot by Clayton Keller.
16:23 of 3rd period - Stopped by James Reimer without a rebound.
16:24 of 3rd period - Ryan O'Reilly wins face-off versus Boone Jenner in New York Islanders zone.
16:25 of 3rd period - Shot by Sam Carrick.
16:25 of 3rd period - Shot Misses the Net.
16:27 of 3rd period - Shot by Victor Hedman.
16:27 of 3rd period - Stopped by James Reimer with a rebound.
16:29 of 3rd period - Shot by Ryan O'Reilly.
16:29 of 3rd period - Goal by Ryan O'Reilly - Washington Capitals : 5 - New York Islanders : 2.
16:30 of 3rd period - Roope Hintz wins face-off versus Casey Cizikas in neutral zone.
16:41 of 3rd period - Shot by Ryan Hartman.
16:41 of 3rd period - Shot Misses the Net.
16:43 of 3rd period - Shot by Colin Miller.
16:43 of 3rd period - Shot Misses the Net.
16:45 of 3rd period - Shot by Colin Miller.
16:45 of 3rd period - Shot Misses the Net.
16:47 of 3rd period - Shot by Travis Konecny.
16:47 of 3rd period - Shot Misses the Net.
17:05 of 3rd period - Shot by Ryan Hartman.
17:05 of 3rd period - Deflect By Travis Konecny.
17:05 of 3rd period - Shot Misses the Net.
17:07 of 3rd period - Shot by Colin Miller.
17:07 of 3rd period - Stopped by Carter Hart with a rebound.
17:24 of 3rd period - Icing by Esa Lindell.
17:25 of 3rd period - Ryan O'Reilly wins face-off versus Boone Jenner in New York Islanders zone.
17:42 of 3rd period - Shot by Ryan O'Reilly.
17:42 of 3rd period - Stopped by James Reimer without a rebound.
17:43 of 3rd period - Ryan Strome wins face-off versus Luke Glendening in New York Islanders zone.
18:16 of 3rd period - Icing by Brayden Schenn.
18:17 of 3rd period - Luke Glendening wins face-off versus Roope Hintz in Washington Capitals zone.
18:56 of 3rd period - Shot by Travis Konecny.
18:56 of 3rd period - Shot Misses the Net.
19:15 of 3rd period - Brendan Gallagher is hit by Boone Jenner.
19:46 of 3rd period - Sam Bennett is hit by Colin Miller and loses puck.
Goals for this period are 3 for Washington Capitals vs 0 for New York Islanders.
Shots for this period are 16 for Washington Capitals vs 4 for New York Islanders.